 Dungeon Crawl Stone Soup version 0.30-a0-924-g0ad0bf95bc (webtiles) character file.

Game seed: 17183551205483367045

75 sanka the Firebug (level 4, -3/35 HPs)
             Began as a Demonspawn Cinder Acolyte on Mar 23, 2023.
             Was a High Priest of Ignis.
             Slain by Jessica
             ... wielding a +0 club
              (5 damage)
             ... on level 3 of the Dungeon.
             The game lasted 00:03:57 (1654 turns).

sanka the Firebug (Demonspawn Cinder Acolyte)       Turns: 1654, Time: 00:03:58

Health: -3/35      AC:  2    Str: 14    XL:     4   Next: 11%
Magic:  8/8        EV: 11    Int: 15    God:    Ignis [*****.]
Gold:   190        SH:  0    Dex: 11    Spells: 7/9 levels left

rFire   + . .      SeeInvis .    j - +0 dagger (elec)
rCold   . . .      Faith    .    (no shield)
rNeg    . . .      Spirit   .    b - +0 robe
rPois   .          Reflect  .    (helmet restricted)
rElec   .          Rampage  .    (no cloak)
rCorr   .                        (no gloves)
Will    .....                    (no boots)
Stlth   +                        (no amulet)
HPRegen 0.25/turn                (no ring)
MPRegen 0.11/turn                (no ring)

@: no status effects
A: antennae 1, demonic touch 1
a: Renounce Religion, Fiery Armour, Foxfire Swarm, Rising Flame


You were on level 3 of the Dungeon.
You worshipped Ignis.
Ignis was extremely pleased with you.
You visited 1 branch of the dungeon, and saw 3 of its levels.

You collected 190 gold pieces.


Innate Abilities, Weirdness & Mutations

You have a pair of small antennae on your head.
Your touch may inflict minor irresistible damage on your foes.


   Skills:
 - Level 3.1 Fighting
 - Level 2.6 Maces & Flails
 - Level 3.0 Spellcasting
 + Level 3.3 Fire Magic


You had 7 spell levels left.
You knew the following spells:

 Your Spells              Type           Power      Damage    Failure   Level
y - Scorch                Fire           24%        2d6       8%          2

Your spell library contained the following spells:

 Spells                   Type           Power      Damage    Failure   Level
 Apportation              Tloc           4%         N/A       21%         1

Inventory:

Hand Weapons
 a - a -1 mace of flaming
 j - a +0 dagger of electrocution (weapon)
 k - a +3 spear of venom
Armour
 b - a +0 robe (worn)
 c - a +0 helmet
Scrolls
 d - 2 scrolls of amnesia {unknown}
 e - a scroll of acquirement {unknown}
 f - 2 scrolls of enchant armour {unknown}
 g - 2 scrolls of identify {unknown}
 l - a scroll of vulnerability {unknown}
 m - a scroll of teleportation {unknown}
Potions
 h - 2 potions of might {unknown}
 i - a potion of lignification {unknown}
 n - a potion of curing {unknown}

Dungeon Overview and Level Annotations

Branches:
Dungeon (3/15)

Altars:

Annotations:
D:3 Jessica

..... ▒.▒.▒▒ ....▒
▒...▒ .▒ ▒...▒ ▒.▒
▒...▒ .... ▒..<▒ ....▒
▒▒▒▒▒†.†▒▒▒▒▒▒▒ ▒.....
..............6▒▒.....B
..............@▒{......
..............▒.?...B..
▒▒▒▒▒▒...▒▒▒.▒▒▒.....£▒
▒.......▒.▒ .......
▒....▒▒. ▒.▒.....▒▒
▒....▒▒. ▒▒▒▒.?...
▒....▒▒. ....▒ ▒.. ..
▒▒.▒


You could see Jessica.


Message History

The quokka bites you.
You closely miss the quokka.
The quokka is severely wounded.
The quokka barely misses you.
You closely miss the quokka. Your touch misses the quokka.
The quokka is severely wounded.
The quokka bites you. The quokka barely misses you.
You hit the quokka but do no damage. Lightning courses through the quokka!
You kill the quokka!
You barely miss Jessica. Jessica hits you with a +0 club.
You barely miss Jessica. Jessica barely misses you.
You hit Jessica but do no damage. Jessica hits you with a +0 club.
You barely miss Jessica. Jessica hits you with a +0 club.
* * * LOW HITPOINT WARNING * * *
You barely miss Jessica. Your touch misses Jessica.
Jessica gestures at you while chanting. Pain shoots through your body!
* * * LOW HITPOINT WARNING * * *
You hit Jessica.
Jessica is moderately wounded.
Jessica hits you with a +0 club.
You die...

Action                     |  1- 3 |  4- 6 || total
---------------------------+-------+-------++-------
  Melee: Mace              |    75 |       ||    75
         Touch             |     4 |     3 ||     7
         Dagger            |     3 |    24 ||    27
   Cast: Scorch            |     5 |       ||     5
 Armour: Robe              |    21 |     8 ||    29
  Dodge: Dodged            |    54 |    18 ||    72

Levels and vault maps discovered:
D:1:      lightli_iron_boxes, layout_basic
D:2:      layout_basic, shapermc_ecumenical_altar_rom_forum, skrybe_limestone_x
D:3:      layout_loops_cross, minmay_quantized, uniq_jessica

Notes
Turn   | Place    | Note
-------+----------+-------------------------------------------
     0 | D:1      | sanka the Demonspawn Cinder Acolyte began the quest for the
                  | Orb.
     0 | D:1      | Reached XP level 1. HP: 18/18 MP: 2/2
   225 | D:1      | Reached skill level 2 in Spellcasting
   225 | D:1      | You feel monstrous as your demonic heritage exerts itself.
   225 | D:1      | Discovered your monstrous ancestry.
   225 | D:1      | Gained mutation: You have a pair of small antennae on your
                  | head. [demonic ancestry]
   225 | D:1      | Reached XP level 2. HP: 24/24 MP: 5/5
   898 | D:2      | Gained mutation: Your touch may inflict minor irresistible
                  | damage on your foes. [demonic ancestry]
   898 | D:2      | Reached XP level 3. HP: 29/29 MP: 7/7
   916 | D:2      | Reached skill level 3 in Spellcasting
  1028 | D:2      | Learned a level 2 spell: Scorch
  1118 | D:2      | Reached skill level 3 in Fire Magic
  1369 | D:2      | Reached XP level 4. HP: 35/35 MP: 8/8
  1385 | D:2      | Found a faded altar of an unknown god.
  1397 | D:2      | Got Plato's Excursus on the Excursion
  1639 | D:3      | Noticed Jessica
  1653 | D:3      | HP: 1/35 [Jessica/nerve-wracking pain (14)]
  1654 | D:3      | Slain by Jessica

Vanquished Creatures
  3 adders (D:2)
  A dart slug (D:1)
  4 ball pythons
  4 bats
  3 endoplasms
  2 giant cockroaches
  5 goblins
  4 hobgoblins
  4 jackals (D:1)
  2 kobolds
  3 quokkas
  A frilled lizard (D:1)
  4 rats
40 creatures vanquished.

Vanquished Creatures (others)
  2 fungi (D:2)
  2 plants (D:2)
4 creatures vanquished.

Grand Total: 44 creatures vanquished
